AoeStats
← СерыйСерый

Arena

509619679Analyzed
1v1 RM · 5d ago on Sep 27, 2026· 123m 30s· 2 players
Game mode
Random Map
Map size
Tiny (2 player)
Population
200
Speed
Normal
Resources
Standard
Victory
Conquest
Starting age
Dark Age
Ending age
Imperial Age
RankedLock teamsTeams togetherTeam positionsShared explorationLock speedFull tech treeHidden civsTurbo modeCheats
Victory
Defeat
🇷🇺 Vietnamese · Russia
431
+15
🇦🇹 Byzantines · Austria
411
-15
Psychedelic Acid Lord
6:57 Loom
11:42 Feudal Age
12:55 Horse Collar
13:10 Double-Bit Axe
21:08 Castle Age
19:05 Gold Mining
20:10 Fletching
20:29 Stone Mining
22:50 Wheelbarrow
22:22 Heavy Plow
22:39 Bow Saw
25:15 Gold Shaft Mining
30:19 Imperial Age
28:28 Fortified Wall
29:22 Murder Holes
29:39 Bodkin Arrow
30:59 Ballistics
33:10 Stone Shaft Mining
32:38 Bracer
34:01 Hoardings
34:39 Crop Rotation
34:24 Thumb Ring
34:28 Capped Ram
35:16 Squires
36:35 Hand Cart
36:51 Onager
38:51 Two-Man Saw
38:27 Conscription
37:32 Crossbowman
39:55 Capped Ram
41:13 Treadmill Crane
42:35 Chemistry
41:27 Guard Tower
42:17 Scale Mail Armor
43:55 Bombard Tower
43:10 Elite Skirmisher
44:43 Chain Mail Armor
44:38 Forging
48:10 Padded Archer Armor
48:46 Iron Casting
48:17 Scale Barding Armor
51:46 Greek Fire
53:17 Arson
52:56 Elite Varangian Guard
53:48 Arrowslits
55:27 Keep
55:28 Plate Mail Armor
58:38 Gambesons
60:41 Siege Ram
62:50 Leather Archer Armor
65:33 Pikeman
76:05 Halberdier
108:27 Ring Archer Armor
110:33 Chain Barding Armor
111:47 Heavy Camel Rider
112:28 Husbandry
115:52 Light Cavalry
СерыйСерый
11:00 Feudal Age
11:33 Double-Bit Axe
11:33 Horse Collar
12:59 Wheelbarrow
12:10 Loom
19:30 Castle Age
19:35 Crossbowman
20:39 Hand Cart
22:14 Fletching
22:25 Padded Archer Armor
26:25 Heavy Plow
26:40 Bow Saw
26:46 Forging
30:23 Thumb Ring
34:52 Elite Skirmisher
36:37 Bodkin Arrow
36:58 Leather Archer Armor
37:19 Iron Casting
42:41 Imperial Age
40:18 Murder Holes
40:44 Ballistics
40:06 Treadmill Crane
40:33 Gold Mining
40:41 Stone Mining
42:50 Stone Shaft Mining
42:55 Husbandry
43:09 Bloodlines
43:41 Arbalester
45:03 Elite Battle Elephant
46:09 Paper Money
45:51 Chatras
52:27 Crop Rotation
53:39 Herbal Medicine
62:53 Two-Man Saw
67:42 Guilds
70:54 Bracer
71:25 Ring Archer Armor
71:02 Scale Barding Armor
71:22 Imperial Skirmisher
79:51 Imperial Skirmisher
87:06 Light Cavalry
94:51 Onager
99:41 Chemistry
98:53 Masonry
98:49 Siege Engineers
98:55 Fortified Wall
Connection lost

Rejoining the realm…

Still unreachable

The connection could not be restored.

Session expired

The server has moved on; the page needs a fresh start.